Map: Ascension to Aiur LE

Players

Yata

  • Race: Zerg Zerg
  • League: Platinum
  • Spawn Location: 5:00

Midstretch - Winner!

  • Race: Terran Terran
  • League: Platinum
  • Spawn Location: 11:00

VOD

Have the link to the VOD?

Description

Time

  • Played on: Sept. 17, 2017, 5:12 p.m.
  • Length: 10:34
Show
View Real Time Build Order
Export as new Build Order

Yata Zerg 

Build Orders: Hatch First 

Get SALT Encoding   

  12  0:00  Drone  
  13  0:12  Overlord  
  13  0:19  Drone  
  14  0:31  Drone x2  
  14  0:34  Drone  
  17  0:54  Hatchery  
  17  0:56  Drone  
  17  1:07  Drone  
  17  1:10  Extractor  
  17  1:22  Spawning Pool  
  16  1:32  Drone x2  
  18  1:38  Drone  
  19  1:54  Overlord  
  19  2:04  Drone  
  20  2:12  Zergling x4  
  22  2:25  Queen  
  22  2:26  Queen  
  22  2:29  Drone  
  28  2:30  Drone x2  
  28  2:36  Zergling x2  
  29  2:48  Zergling x4  
  30  3:02  Spine Crawler  
  28  3:10  Zergling x6  
  28  3:11  Zergling x2  
  33  3:23  Zergling x6  
  33  3:26  Metabolic Boost  
  35  3:33  Overlord, Queen  
  35  3:34  Overlord, Spine Crawler  
  36  3:45  Baneling Nest  
  34  4:17  Zergling x2  
  34  4:18  Zergling x12  
  34  4:19  Zergling x6  
  44  4:26  Drone  
  44  4:27  Drone  
  44  4:28  Drone x2  
  44  4:29  Overlord x3  
  41  4:55  Zergling x10  
  46  5:04  Drone x4  
  50  5:08  Lair  
  50  5:11  Extractor  
  50  5:12  Drone  
  50  5:16  Baneling x3  
  50  5:17  Baneling x2  
  45  5:56  Zergling x6  
  45  5:57  Zergling x18  
  49  6:13  Drone x5  
  49  6:14  Hatchery  
  49  6:16  Baneling x4  
  53  6:23  Queen  
  55  6:25  Spore Crawler  
  54  6:33  Baneling  
  54  6:34  Baneling x3  
  54  6:37  Drone  
  54  6:38  Drone x3  
  48  7:01  Zergling x2  
  48  7:02  Zergling x20  
  58  7:14  Evolution Chamber  
  57  7:17  Spire  
  56  7:25  Drone x5  
  62  7:30  Zergling x10  
  62  7:35  Pneumatized Carapace  
  66  7:43  Drone x4  
  70  7:49  Baneling x2  
  70  7:50  Baneling x3  
  70  7:59  Zerg Melee Weapons Level 1  
  70  8:02  Drone x4  
  70  8:04  Overlord x2  
  55  8:27  Evolution Chamber  
  54  8:33  Extractor  
  54  8:34  Extractor  
  52  8:35  Extractor  
  52  8:36  Extractor, Drone x5  
  52  8:37  Drone x3  
  58  8:42  Zergling x6  
  58  8:43  Zergling x16  
  69  8:58  Zergling x2  
  69  8:59  Zergling x14  
  69  9:02  Baneling x3  
  77  9:03  Baneling x4  
  77  9:16  Drone x2  
  77  9:17  Drone x4  
  72  9:42  Zergling x22  
  72  9:43  Zergling x4  
  75  9:55  Mutalisk x4  
  75  9:56  Mutalisk  
  70  10:07  Overlord x2  
Show
View Real Time Build Order
Export as new Build Order

Midstretch Terran - Winner!

Build Orders:  

Get SALT Encoding   

  12  0:01  SCV  
  13  0:13  SCV  
  14  0:18  Supply Depot  
  14  0:25  SCV  
  15  0:39  SCV  
  16  0:43  Barracks  
  16  0:52  SCV  
  17  0:58  Supply Depot  
  17  1:04  SCV  
  18  1:16  SCV  
  19  1:28  SCV  
  19  1:30  Marine  
  21  1:38  Barracks  
  21  1:40  SCV  
  22  1:48  Marine  
  22  1:52  SCV  
  24  2:05  Bunker  
  24  2:06  Marine  
  26  2:09  Orbital Command  
  25  2:17  Command Center  
  25  2:24  Marine  
  26  2:30  Bunker  
  25  3:11  Marine x2  
  27  3:12  SCV  
  27  3:29  Marine x2, SCV  
  27  3:31  Orbital Command  
  31  3:41  SCV  
  31  3:45  Refinery x2  
  31  3:53  Barracks, SCV  
  30  3:57  SCV  
  31  4:05  SCV, Bunker  
  31  4:08  Marine  
  31  4:09  SCV, Marine  
  35  4:17  SCV  
  35  4:21  SCV  
  35  4:23  Refinery  
  37  4:25  Refinery  
  37  4:26  Marine x2  
  37  4:29  SCV  
  40  4:33  SCV  
  41  4:41  SCV  
  42  4:46  SCV  
  43  5:00  Barracks Reactor, Barracks Tech Lab  
  43  5:01  Barracks Reactor  
  43  5:06  Factory  
  43  5:07  Engineering Bay  
  43  5:10  Engineering Bay  
  43  5:26  SCV x2  
  43  5:27  Command Center  
  45  5:33  Command Center  
  45  5:35  Orbital Command  
  44  5:36  Marauder  
  44  5:37  Combat Shields  
  44  5:42  Marine  
  46  5:43  Marine  
  46  5:45  Supply Depot  
  46  5:54  Marine  
  46  5:55  Marine  
  46  5:56  SCV  
  44  6:00  Marauder  
  46  6:05  Factory Reactor  
  46  6:06  Marine x2  
  46  6:07  Starport  
  46  6:09  Supply Depot  
  48  6:12  Marine  
  48  6:13  Marine  
  48  6:15  Terran Infantry Weapons Level 1  
  48  6:16  Terran Infantry Armor Level 1  
  48  6:17  SCV x2  
  52  6:28  Marine x2  
  52  6:29  SCV x2  
  56  6:46  Supply Depot  
  56  6:47  Supply Depot  
  56  6:50  Marauder  
  48  7:09  Marine x3  
  48  7:11  Marauder  
  53  7:22  SCV x2  
  56  7:29  Stimpack  
  55  7:33  Medivac  
  55  7:35  Medivac  
  58  8:03  Marine x3, Marauder  
  58  8:04  Marine  
  64  8:05  Medivac  
  64  8:06  Medivac  
  64  8:08  Widow Mine  
  66  8:21  Marine x2  
  66  8:23  Orbital Command  
  70  8:33  Armory  
  70  8:35  Medivac  
  70  8:42  Marine x3, Marauder  
  70  8:44  Medivac  
  77  8:59  SCV x2  
  77  9:01  Marine  
  77  9:02  Marine x3  
  81  9:03  Marauder  
  81  9:05  Medivac  
  71  9:55  Marine x3, Marauder  
  71  9:56  Marine  
  71  9:57  Medivac x2  
  81  10:13  Marine  
  81  10:14  Marine x2  
Tags
 
Add a new tag
Caveats
  • Supply blocks, unpowered buildings, or Contaminate may cause inaccurate times.
  • Supply counts are checked every 10 seconds.